 Dungeon Crawl Stone Soup version 0.20.1-1-g8b1a95d (webtiles) character file.

987 Sayu92 the Cleaver (level 7, 0/64 HPs)
             Began as a Minotaur Abyssal Knight on Dec 9, 2017.
             Was a Believer of Lugonu.
             Slain by Duvessa
             ... wielding a +0 short sword
              (4 damage)
             ... on level 5 of the Dungeon.
             The game lasted 00:38:51 (5741 turns).

Sayu92 the Cleaver (Minotaur Abyssal Knight)        Turns: 5741, Time: 00:38:51

Health: 0/64       AC: 11    Str: 19    XL:     7   Next: 97%
Magic:  7/8        EV:  7    Int:  9    God:    Lugonu [**....]
Gold:   311        SH:  0    Dex:  9    Spells: 6/6 levels left

rFire    . . .     SeeInvis .   a - +2 hand axe
rCold    . . .     Gourm    .   (no shield)
rNeg     . . .     Faith    .   h - -2 plate armour
rPois    .         Spirit   .   (helmet restricted)
rElec    .         Reflect  .   (no cloak)
rCorr    .         Harm     .   e - +0 pair of gloves
MR       .....                  (no boots)
Stlth    ..........             (no amulet)
Regen    0.2/turn               k - +1 ring of evasion
MPRegen  0.2/turn               (no ring)

@: flying
A: retaliatory headbutt, horns 2
a: Depart the Abyss, Bend Space, Renounce Religion


You were on level 5 of the Dungeon.
You worshipped Lugonu.
Lugonu was pleased with you.
You were very hungry.

You visited 1 branch of the dungeon, and saw 5 of its levels.
You visited the Abyss 1 time.

You collected 311 gold pieces.

Inventory:

Hand Weapons
 a - a +2 hand axe (weapon)
 j - a +4 quarterstaff of chaos
Armour
 d - the +2 ring mail "Mochop" {SInv, unknown}
   (You found it on level 5 of the Dungeon)

   It lets you see invisible.
 e - a +0 pair of gloves (worn)
 h - a -2 plate armour (worn)
 i - a +1 ring mail
Jewellery
 b - a cursed ring of teleportation
 k - a +1 ring of evasion (left hand)
Wands
 n - a wand of confusion (8/48)
Scrolls
 g - a scroll of enchant weapon
 r - a scroll of recharging
Potions
 s - a potion of mutation {unknown}
Comestibles
 c - 4 bread rations
 f - 2 royal jellies
 l - 2 meat rations


   Skills:
 + Level 6.4 Fighting
 * Level 8.3 Axes
 - Level 4.4 Armour
 - Level 1.1 Dodging
 + Level 3.6 Invocations


You had 6 spell levels left.
You didn't know any spells.

Dungeon Overview and Level Annotations

Branches:
Dungeon (5/15)             Temple (0/1) D:5

Altars:

Annotations:
D:5 Duvessa


Innate Abilities, Weirdness & Mutations

You reflexively headbutt those who attack you in melee.
You have a pair of horns on your head.


Message History

Your plate armour prevents you from hitting Duvessa.
You headbutt Duvessa, but do no damage.
Duvessa is heavily wounded.
Duvessa hits you but does no damage.
You hit Duvessa but do no damage. You headbutt Duvessa!
Duvessa is severely wounded.
Duvessa hits you with a short sword!
* * * LOW HITPOINT WARNING * * *
You hit Duvessa.
Duvessa is severely wounded.
Duvessa hits you with a short sword!
* * * LOW HITPOINT WARNING * * *
Duvessa completely misses you. You furiously retaliate!
You headbutt Duvessa, but do no damage. Space bends around you!
You blink.
Duvessa rages.
It was a potion of flight.
You feel very buoyant.
You fly up into the air.
Duvessa hits you with a short sword.
You die...

..# #......##.#...# #....#.#
### #####....)..#.# #......#
.#### ##....##.....##....###
....###...#.#..##..##.#....#
..#..#...##.........#.#.ยง..#
..##..........###.#...#)...#
........#.##### #####......#
..........#######.........##
.####..#####....@e....###..
......................# ###.
.###..........#####.### #
.....##..###..# #.#
..##..##.###..## ..#
...##..........###.##
.>.######.#........
..................#
...######..####....


You could see Duvessa (berserk).

Vanquished Creatures
  An orc warrior (D:5)
  An ogre (D:5)
  A phantom (D:4)
  Blork the orc (D:4)
  Dowan (D:5)
  2 crimson imps (D:5)
  A hound (D:5)
  2 orc priests
  4 orc wizards
  A bullfrog skeleton (D:4)
  A centaur skeleton (D:4)
  Crazy Yiuf (D:2)
  2 iguanas (D:4)
  A worker ant (D:4)
  A hound zombie (D:5)
  Robin (D:2)
  5 adders
  3 oozes
  An adder zombie (D:5)
  2 worms (D:2)
  2 leopard geckos
  12 orcs
  9 bats
  4 giant cockroaches
  8 goblins
  8 hobgoblins
  4 jackals (D:4)
  4 kobolds
  2 quokkas (D:4)
  6 frilled lizards
  A jackal skeleton (D:4)
  2 leopard gecko skeletons
  8 rats
  A fungus (D:2)
104 creatures vanquished.

Notes
Turn   | Place    | Note
-------+----------+-------------------------------------------
     0 | Abyss:1  | Sayu92 the Minotaur Abyssal Knight began the quest for the Orb.
     0 | Abyss:1  | Reached XP level 1. HP: 19/19 MP: 1/1
     0 | D:1      | Escaped the Abyss
   470 | D:1      | Reached * piety under Lugonu
   470 | D:1      | Reached XP level 2. HP: 27/27 MP: 2/2
   829 | D:1      | Reached skill level 3 in Axes
  1064 | D:2      | Reached XP level 3. HP: 31/33 MP: 3/3
  1457 | D:2      | Noticed Robin
  1470 | D:2      | Killed Robin
  1470 | D:2      | Reached skill level 4 in Axes
  1472 | D:2      | Reached XP level 4. HP: 39/40 MP: 4/4
  2097 | D:2      | Found a runed door.
  2101 | D:2      | Noticed Crazy Yiuf
  2103 | D:2      | Paralysed by Crazy Yiuf for 2 turns
  2105 | D:2      | Killed Crazy Yiuf
  2459 | D:3      | Reached XP level 5. HP: 12/47 MP: 5/5
  2693 | D:3      | Reached skill level 5 in Axes
  3039 | D:3      | Reached ** piety under Lugonu
  3630 | D:4      | Noticed a phantom
  3650 | D:4      | Reached skill level 5 in Fighting
  3691 | D:4      | Killed a phantom
  3691 | D:4      | Reached skill level 6 in Axes
  3691 | D:4      | Reached XP level 6. HP: 52/56 MP: 6/6
  4269 | D:5      | Entered Level 5 of the Dungeon
  4282 | D:5      | Reached skill level 7 in Axes
  4282 | D:5      | Reached XP level 7. HP: 31/61 MP: 6/8
  4499 | D:5      | Noticed Blork the orc
  4510 | D:4      | Killed Blork the orc
  4697 | D:5      | Noticed Duvessa
  4701 | D:5      | Noticed Dowan
  4827 | D:5      | Found a staircase to the Ecumenical Temple.
  4861 | D:5      | Got a twisted robe
  4894 | D:5      | HP: 1/63 [orc warrior/dire flail (25)]
  5286 | D:5      | Reached skill level 8 in Axes
  5602 | D:5      | Identified the cursed +1 robe of the Arcane {+Inv Str+2 Stlth+} (You found it on level 5 of the Dungeon)
  5679 | D:5      | Got a translucent ring mail
  5723 | D:5      | Killed Dowan
  5741 | D:5      | Slain by Duvessa

Skill      XL: |  1  2  3  4  5  6  7 |
---------------+----------------------+-----
Armour         | 3 4 |  4.4
Fighting       | 4 5 6 |  6.4
Axes           | 3 4 6 7 8 |  8.3
Invocations    | 2 3 |  3.6
Dodging        | |  1.1

Action                   |  1- 3 |  4- 6 |  7- 9 || total
-------------------------+-------+-------+-------++-------
Melee: Hand axe          |    74 |   137 |   107 ||   318
       Headbutt          |    12 |    24 |    16 ||    52
Invok: Depart the Abyss  |     1 |       |       ||     1
       Bend Space        |       |       |     3 ||     3
  Use: Potion            |     3 |     1 |     4 ||     8
       Scroll            |     1 |     9 |     2 ||    12
  Eat: Chunk             |     2 |     8 |     4 ||    14
Armor: Leather armour    |     8 |       |       ||     8
       Ring mail         |     7 |    40 |    19 ||    66
       Plate armour      |       |       |    11 ||    11
Dodge: Dodged            |    39 |    61 |    38 ||   138
